APL (24 & UNDER)
PENSACOLA PILOTS @ SCOTTSDALE SCORPIONS
07/07/2029
 
TOP OF THE 1ST
Pensacola Pilots batting - Pitching for Scottsdale Scorpions : RHP Gilberto Delgado
Pitching: RHP Gilberto Delgado
Batting: SHB José Velásquez 0-0: Swinging Strike
0-1: Swinging Strike
0-2: Foul Ball, location: 2F
0-2: Ball
1-2: Strikes out looking
Batting: LHB Freddy Torres 0-0: Foul Ball, location: 2F
0-1: Called Strike
0-2: Ball
1-2: Strikes out swinging
Batting: LHB Joe Storms 0-0: Called Strike
0-1: Called Strike
0-2: Ball
1-2: Foul Ball, location: 2F
1-2: Foul Ball, location: 2F
1-2: Strikes out swinging
Top of the 1st over - 0 runs, 0 hits, 0 errors, 0 left on base; Pensacola 0 - Scottsdale 0
BOTTOM OF THE 1ST
Scottsdale Scorpions batting - Pitching for Pensacola Pilots : RHP Pedro Vargas
Pitching: RHP Pedro Vargas
Batting: LHB Tony Ayala 0-0: Fly out, F8 (Flyball, 8LD)
Batting: RHB Alan Evans 0-0: Fly out, F9 (Line Drive, 9)
Batting: LHB Pedro Díaz 0-0: Ball
1-0: Foul Ball, location: 2F
1-1: Ball
2-1: Ball
3-1: SINGLE (Groundball, 34D)
Batting: SHB Arnold Moore 0-0: Ball
1-0: Ball
2-0: Ball
3-0: Base on Balls
Pedro Díaz to second
Batting: RHB Steve Boyer 0-0: Ball
1-0: Ball
2-0: Called Strike
2-1: Foul Ball, location: 2F
2-2: Ball
3-2: Strikes out swinging
Bottom of the 1st over - 0 runs, 1 hit, 0 errors, 2 left on base; Pensacola 0 - Scottsdale 0
TOP OF THE 2ND
Pensacola Pilots batting - Pitching for Scottsdale Scorpions : RHP Gilberto Delgado
Batting: RHB Ryan Nelson 0-0: Ball
1-0: Ground out U3 (Groundball, 34)
Batting: RHB Robert Rose 0-0: Called Strike
0-1: Swinging Strike
0-2: Ball
1-2: Foul Ball, location: 2F
1-2: Ground out 4-3 (Groundball, 4)
Batting: RHB Alfonso Sánchez 0-0: Ball
1-0: Foul Ball, location: 2F
1-1: Ball
2-1: Foul Ball, location: 2F
2-2: Ground out 6-3 (Groundball, 56D)
Top of the 2nd over - 0 runs, 0 hits, 0 errors, 0 left on base; Pensacola 0 - Scottsdale 0
BOTTOM OF THE 2ND
Scottsdale Scorpions batting - Pitching for Pensacola Pilots : RHP Pedro Vargas
Batting: LHB Manny Vigil 0-0: Ball
1-0: Fly out, F9 (Flyball, 89S)
Batting: RHB José Méndez 0-0: Ball
1-0: SINGLE (Line Drive, 4D)
Batting: RHB Ronald Smith 0-0: Foul Ball, location: 2F
0-1: SINGLE (Flyball, 78S)
José Méndez to second
Batting: RHB Robinson Fernández 0-0: TRIPLE (Flyball, 89XD)
José Méndez scores
Ronald Smith scores
Batting: LHB Tony Ayala 0-0: Swinging Strike
0-1: Foul Ball, location: 2F
0-2: Ball
1-2: Foul Ball, location: 2F
1-2: Strikes out looking
Batting: RHB Alan Evans 0-0: Swinging Strike
0-1: Foul Ball, location: 2F
0-2: Strikes out looking
Bottom of the 2nd over - 2 runs, 3 hits, 0 errors, 1 left on base; Pensacola 0 - Scottsdale 2
TOP OF THE 3RD
Pensacola Pilots batting - Pitching for Scottsdale Scorpions : RHP Gilberto Delgado
Batting: RHB Tony Pulla 0-0: Called Strike
0-1: Ball
1-1: Foul Ball, location: 2F
1-2: Fly out, F7 (Flyball, 7)
Batting: RHB Melvin Johnstone 0-0: Ball
1-0: Fly out, F7 (Flyball, 78M)
Batting: RHB Carson Allen 0-0: Ball
1-0: Foul Ball, location: 2F
1-1: Called Strike
1-2: Strikes out swinging
Top of the 3rd over - 0 runs, 0 hits, 0 errors, 0 left on base; Pensacola 0 - Scottsdale 2
BOTTOM OF THE 3RD
Scottsdale Scorpions batting - Pitching for Pensacola Pilots : RHP Pedro Vargas
Batting: LHB Pedro Díaz 0-0: Ball
1-0: Ball
2-0: Called Strike
2-1: Called Strike
2-2: Fly out, F8 (Flyball, 78M)
Batting: SHB Arnold Moore 0-0: Called Strike
0-1: Called Strike
0-2: Foul Ball, location: 2F
0-2: Strikes out swinging
Batting: RHB Steve Boyer 0-0: Ball
1-0: Foul Ball, location: 2F
1-1: Ground out 6-3 (Groundball, 6)
Bottom of the 3rd over - 0 runs, 0 hits, 0 errors, 0 left on base; Pensacola 0 - Scottsdale 2
TOP OF THE 4TH
Pensacola Pilots batting - Pitching for Scottsdale Scorpions : RHP Gilberto Delgado
Batting: SHB José Velásquez 0-0: Ball
1-0: Foul Ball, location: 2F
1-1: Swinging Strike
1-2: Fly out, F7 (Flyball, 7S)
Batting: LHB Freddy Torres 0-0: Ball
1-0: Foul Ball, location: 2F
1-1: Ball
2-1: Fly out, F7 (Flyball, 7)
Batting: LHB Joe Storms 0-0: Ball
1-0: Ball
2-0: Called Strike
2-1: Ground out U3 (Groundball, 3)
Top of the 4th over - 0 runs, 0 hits, 0 errors, 0 left on base; Pensacola 0 - Scottsdale 2
BOTTOM OF THE 4TH
Scottsdale Scorpions batting - Pitching for Pensacola Pilots : RHP Pedro Vargas
Batting: LHB Manny Vigil 0-0: Ball
1-0: Ball
2-0: Ball
3-0: Foul Ball, location: 2F
3-1: Base on Balls
Batting: RHB José Méndez 0-0: Ball
1-0: Ball
2-0: Ball
3-0: Base on Balls
Manny Vigil to second
Batting: RHB Ronald Smith 0-0: Fly out, F9 (Flyball, 9S)
Batting: RHB Robinson Fernández 0-0: Ball
1-0: Ball
2-0: Called Strike
2-1: Ball
3-1: Base on Balls
Manny Vigil to third
José Méndez to second
Batting: LHB Tony Ayala 0-0: Swinging Strike
0-1: Ball
1-1: Foul Ball, location: 2F
1-2: Ball
2-2: DOUBLE (Line Drive, 9D)
Manny Vigil scores
José Méndez scores
Robinson Fernández to third
Runner from 3rd tries for Home, SAFE, no throw
Batting: RHB Alan Evans 0-0: Called Strike
Tony Ayala steals 3rd base
0-1: Ball
1-1: Ball
2-1: Foul Ball, location: 2F
2-2: Ball
3-2: Foul Ball, location: 2F
3-2: SINGLE (Flyball, 4MD)
Tony Ayala scores
Batting: LHB Pedro Díaz 0-0: Called Strike
0-1: Foul Ball, location: 2F
0-2: Ball
1-2: DOUBLE (Line Drive, 9LS)
Alan Evans to third
Runner from 3rd tries for Home, SAFE, no throw
Batting: SHB Arnold Moore 0-0: Foul Ball, location: 2F
0-1: Ground out U3 (Groundball, 3L)
Pedro Díaz to third
Batting: RHB Steve Boyer 0-0: Ball
1-0: Ball
2-0: Ball
3-0: Base on Balls
Batting: LHB Manny Vigil 0-0: Ball
1-0: Ball
2-0: Foul Ball, location: 2F
2-1: Foul Ball, location: 2F
2-2: Foul Ball, location: 2F
2-2: Foul Ball, location: 2F
2-2: Ball
3-2: Base on Balls
Steve Boyer to second
Batting: RHB José Méndez 0-0: Swinging Strike
0-1: Ball
1-1: SINGLE (Line Drive, 34D)
Pedro Díaz scores
Steve Boyer to third
Manny Vigil to second
Batting: RHB Ronald Smith 0-0: SINGLE (Groundball, 56) (infield hit)
Steve Boyer scores
Manny Vigil to third
José Méndez to second
Batting: RHB Robinson Fernández 0-0: Ball
1-0: Called Strike
1-1: Foul Ball, location: 2F
1-2: Foul Ball, location: 2F
1-2: Ball
2-2: Ball
3-2: Fly out, F7 (Line Drive, 7)
Bottom of the 4th over - 7 runs, 5 hits, 0 errors, 3 left on base; Pensacola 0 - Scottsdale 9
TOP OF THE 5TH
Pensacola Pilots batting - Pitching for Scottsdale Scorpions : RHP Gilberto Delgado
Batting: RHB Ryan Nelson 0-0: Ball
1-0: Ball
2-0: Foul Ball, location: 2F
2-1: Called Strike
2-2: Foul Ball, location: 2F
2-2: DOUBLE (Line Drive, 9LS)
Batting: RHB Robert Rose 0-0: Ball
1-0: Ground out 6-3 (Groundball, 6)
Batting: RHB Alfonso Sánchez 0-0: Called Strike
0-1: Ball
1-1: Ball
2-1: Foul Ball, location: 2F
Balk!
Ryan Nelson to third
2-2: Ball
3-2: Hit by Pitch
Batting: RHB Tony Pulla 0-0: Called Strike
0-1: Ball
Wild Pitch!
Ryan Nelson scores
Alfonso Sánchez to second
1-1: Ball
2-1: Ball
3-1: Foul Ball, location: 2F
3-2: Fly out, F4 (Popup, 34)
Pitching: RHP José Alvarado
Batting: RHB Melvin Johnstone 0-0: Ball
1-0: Ball
2-0: Foul Ball, location: 2F
2-1: Ball
3-1: Base on Balls
Batting: RHB Carson Allen 0-0: Ball
1-0: Ball
2-0: Ball
3-0: Called Strike
3-1: Foul Ball, location: 2F
3-2: Base on Balls
Alfonso Sánchez to third
Melvin Johnstone to second
Batting: SHB José Velásquez 0-0: Fielders Choice at 2nd, 6-4 (Groundball, 6)
Top of the 5th over - 1 run, 1 hit, 0 errors, 3 left on base; Pensacola 1 - Scottsdale 9
BOTTOM OF THE 5TH
Scottsdale Scorpions batting - Pitching for Pensacola Pilots : RHP Pedro Vargas
Batting: LHB Tony Ayala 0-0: Called Strike
0-1: Fly out, F7 (Flyball, 7)
Batting: RHB Alan Evans 0-0: Ball
1-0: Ball
2-0: Swinging Strike
2-1: Reached on error, E5 (Groundball, 56)
Batting: LHB Pedro Díaz 0-0: Called Strike
Alan Evans steals 2nd base
0-1: Ball
1-1: Ball
2-1: Foul Ball, location: 2F
2-2: Foul Ball, location: 2F
2-2: Foul Ball, location: 2F
2-2: Ball
3-2: Foul Ball, location: 2F
3-2: Base on Balls
Pitching: RHP Don Anderson
Batting: SHB Arnold Moore 0-0: Ball
Alan Evans is caught stealing 3rd base
1-0: Ball
2-0: Ground out 4-3 (Groundball, 34D)
Bottom of the 5th over - 0 runs, 0 hits, 1 error, 1 left on base; Pensacola 1 - Scottsdale 9
TOP OF THE 6TH
Pensacola Pilots batting - Pitching for Scottsdale Scorpions : RHP José Alvarado
Batting: LHB Freddy Torres 0-0: Called Strike
0-1: Foul Ball, location: 2F
0-2: Ball
1-2: Foul Ball, location: 2F
1-2: Ball
2-2: Foul Ball, location: 2F
2-2: Foul Ball, location: 2F
2-2: Single, Error in OF, E9, batter to second base
Batting: LHB Joe Storms 0-0: Swinging Strike
0-1: Ball
1-1: Called Strike
1-2: Ball
2-2: Fly out, F8 (Flyball, 8RM)
Batting: RHB Ryan Nelson 0-0: Ball
1-0: Ball
2-0: Called Strike
2-1: Fly out, F7 (Line Drive, 7D)
Pitching: RHP José Amaya
Batting: RHB Robert Rose 0-0: Ball
1-0: Swinging Strike
1-1: Swinging Strike
1-2: Strikes out swinging
Top of the 6th over - 0 runs, 1 hit, 1 error, 1 left on base; Pensacola 1 - Scottsdale 9
BOTTOM OF THE 6TH
Scottsdale Scorpions batting - Pitching for Pensacola Pilots : RHP Don Anderson
Batting: RHB Steve Boyer 0-0: Foul Ball, location: 2F
0-1: Called Strike
0-2: Ball
1-2: Strikes out swinging
Batting: LHB Manny Vigil 0-0: Ball
1-0: Swinging Strike
1-1: Ball
2-1: Ground out U3 (Groundball, 3L)
Batting: RHB José Méndez 0-0: Ball
1-0: Ball
2-0: Ball
3-0: Called Strike
3-1: Foul Ball, location: 2F
3-2: Base on Balls
Batting: RHB Ronald Smith 0-0: Ball
1-0: Ball
2-0: 2-RUN HOME RUN (Flyball, 7LD), Distance : 331 ft
Batting: RHB Robinson Fernández 0-0: Ball
1-0: Ball
2-0: Ball
3-0: Base on Balls
Batting: LHB Tony Ayala 0-0: Ball
1-0: Ball
2-0: Called Strike
2-1: Called Strike
2-2: Ball
3-2: Base on Balls
Robinson Fernández to second
Batting: RHB Alan Evans 0-0: SINGLE (Groundball, 56D)
Robinson Fernández to third
Tony Ayala to second
Runner from 3rd tries for Home, SAFE, throw made home
Batting: LHB Pedro Díaz 0-0: Called Strike
0-1: Ball
1-1: Ball
2-1: Ball
3-1: Swinging Strike
3-2: Base on Balls
Tony Ayala to third
Alan Evans to second
Batting: SHB Arnold Moore 0-0: Ball
1-0: Ball
2-0: Swinging Strike
2-1: Ball
3-1: SINGLE (Line Drive, 4D)
Tony Ayala scores
Alan Evans to third
Pedro Díaz to second
Runner from 3rd tries for Home, SAFE, no throw
Pitching: RHP Juan Jose López
Batting: RHB Steve Boyer 0-0: Swinging Strike
0-1: Ball
1-1: SINGLE (Flyball, 7LM)
Pedro Díaz to third
Arnold Moore to second
Runner from 3rd tries for Home, SAFE, no throw
Batting: LHB Manny Vigil 0-0: Swinging Strike
0-1: Ball
1-1: Fly out, F3 (Line Drive, 3S)
Bottom of the 6th over - 6 runs, 4 hits, 0 errors, 2 left on base; Pensacola 1 - Scottsdale 15
TOP OF THE 7TH
Pensacola Pilots batting - Pitching for Scottsdale Scorpions : RHP José Amaya
Batting: RHB Alfonso Sánchez 0-0: Ball
1-0: Called Strike
1-1: Ground out U3 (Groundball, 34S)
Batting: RHB Tony Pulla 0-0: Ball
1-0: Ball
2-0: Fly out, F7 (Flyball, 7LMF)
Batting: RHB Melvin Johnstone 0-0: Foul Ball, location: 2F
0-1: Foul Ball, location: 2F
0-2: Foul Ball, location: 2F
0-2: Ball
1-2: SINGLE (Groundball, 56D)
Batting: RHB Carson Allen 0-0: Ball
Melvin Johnstone is caught stealing 2nd base
Top of the 7th over - 0 runs, 1 hit, 0 errors, 0 left on base; Pensacola 1 - Scottsdale 15
BOTTOM OF THE 7TH
Scottsdale Scorpions batting - Pitching for Pensacola Pilots : RHP Juan Jose López
Batting: RHB José Méndez 0-0: Ball
1-0: Ball
2-0: Ball
3-0: Base on Balls
Batting: RHB Ronald Smith 0-0: Grounds into double play, 6-4-3 (Groundball, 6)
Batting: RHB Robinson Fernández 0-0: SINGLE (Line Drive, 8LS)
Batting: LHB Tony Ayala 0-0: Ball
1-0: Called Strike
Robinson Fernández steals 2nd base
1-1: Ball
2-1: Foul Ball, location: 2F
2-2: Strikes out swinging
Bottom of the 7th over - 0 runs, 1 hit, 0 errors, 1 left on base; Pensacola 1 - Scottsdale 15
TOP OF THE 8TH
Pensacola Pilots batting - Pitching for Scottsdale Scorpions : RHP José Amaya
Batting: RHB Carson Allen 0-0: Swinging Strike
0-1: Ball
1-1: Foul Ball, location: 2F
1-2: Strikes out looking
Batting: SHB José Velásquez 0-0: Ball
1-0: Ball
2-0: Called Strike
2-1: Fly out, F4 (Line Drive, 4M)
Batting: LHB Freddy Torres 0-0: Called Strike
0-1: Ball
1-1: Swinging Strike
1-2: SINGLE (Groundball, 4MD)
Batting: LHB Joe Storms 0-0: Ball
1-0: Ball
2-0: Called Strike
2-1: Foul Ball, location: 2F
2-2: Ball
3-2: Base on Balls
Freddy Torres to second
Batting: RHB Ryan Nelson 0-0: Called Strike
0-1: Ball
1-1: Ball
2-1: Foul Ball, location: 2F
2-2: Ball
3-2: Base on Balls
Freddy Torres to third
Joe Storms to second
Batting: RHB Robert Rose 0-0: Called Strike
0-1: Foul Ball, location: 2F
0-2: Foul Ball, location: 2F
0-2: Ball
1-2: Fly out, F7 (Line Drive, 7D)
Top of the 8th over - 0 runs, 1 hit, 0 errors, 3 left on base; Pensacola 1 - Scottsdale 15
BOTTOM OF THE 8TH
Scottsdale Scorpions batting - Pitching for Pensacola Pilots : RHP Juan Jose López
Batting: RHB Alan Evans 0-0: Foul Ball, location: 2F
0-1: Called Strike
0-2: Ball
1-2: Ball
2-2: Strikes out swinging
Batting: LHB Pedro Díaz 0-0: Called Strike
0-1: SOLO HOME RUN (Flyball, 9LD), Distance : 314 ft
Batting: SHB Arnold Moore 0-0: Ball
Saturday, December 16th, 2017 - OOTP Baseball 18.8 Build 76